 Dungeon Crawl Stone Soup version 0.32-a0-630-g46d191b0ed (webtiles) character file.

Game seed: 1501702037563712977

159 Aldia the Chopper (level 5, 0/43 (46) HPs)
             Began as a Mountain Dwarf Reaver on Mar 7, 2024.
             Incinerated by a bombardier beetle (3 damage)
             ... with a burning spray
             ... on level 3 of the Dungeon.
             The game lasted 00:03:02 (1656 turns).

Aldia the Chopper (Mountain Dwarf Reaver)           Turns: 1656, Time: 00:03:03

HP:   0/43 (46)     AC:  7    Str: 16    XL:     5   Next: 17%
MP:   5/8           EV: 10    Int: 14    God:
Gold: 102           SH:  0    Dex:  8    Spells: 6/8 levels left

rFire   . . .        a - +0 hand axe
rCold   . . .        (no shield)
rNeg    . . .        f - +0 ring mail
rPois   .            i - +1 hat
rElec   .            (no cloak)
rCorr   .            h - +0 pair of gloves
SInv    .            (no boots)
Will    +....        (no amulet) Stlth
                     j - ring of willpower
HPRegen 0.27/turn    (no ring)
MPRegen 0.11/turn

%: no passive effects
@: mighty, on fire, glowing, drained
A: runic magic, artefact enchanting
a: no special abilities


You were on level 3 of the Dungeon.
You visited 1 branch of the dungeon, and saw 3 of its levels.

You collected 102 gold pieces.

Inventory:

Hand Weapons
 a - a +0 hand axe (weapon)
Armour
 b - a +0 leather armour
 f - a +0 ring mail (worn)
 h - a +0 pair of gloves (worn)
 i - a +1 hat (worn)
Jewellery
 j - a ring of willpower (left hand)
 m - an amulet of faith
Scrolls
 d - a scroll of poison {unknown}
 e - a scroll of enchant armour {unknown}
 k - a scroll of enchant weapon {unknown}
Potions
 g - a potion of curing {unknown}
 l - a potion of heal wounds {unknown}


   Skills:
 + Level 3.8 Fighting
 - Level 4.0 Axes
 - Level 1.0 Armour
 - Level 1.3 Dodging
 - Level 2.0 Spellcasting
 - Level 2.6 Conjurations
 * Level 3.6 Necromancy


You had 6 spell levels left.
You knew the following spells:

 Your Spells              Type           Power      Damage    Failure   Level
a - Kiss of Death         Conj/Necr      40%        2d8       8%          1
b - Necrotise             Necr           44%        1d6       6%          1

Your spell library contained the following spells:

 Spells                   Type           Power      Damage    Failure   Level
 Sting                    Conj/Alch      20%        1d4       16%         1
 Fugue of the Fallen      Necr           11%        N/A       19%         3
 Momentum Strike          Conj/Tloc      10%        3d8       24%         2
 Apportation              Tloc           2%         N/A       26%         1
 Summon Small Mammal      Summ           4%         N/A       26%         1
 Ensorcelled Hibernation  Hex/Ice        2%         N/A       38%         2
 Hailstorm                Conj/Ice       5%         3d5       43%         3
 Anguish                  Hex/Necr       3%         N/A       77%         4


Dungeon Overview and Level Annotations

Branches:
Dungeon (3/15)

Altars:


Innate Abilities, Weirdness & Mutations

Your spellcasting is much less encumbered by armour.
You can use scrolls of enchantment on lesser artefacts.


Message History

The liquid fire burns you!
Unknown command.
You closely miss the bombardier beetle.
The bombardier beetle is moderately wounded.
The bombardier beetle sprays incendiary fluid at you.
The burning spray hits you.
You are covered in liquid fire!
Unknown command.
Unknown command.
Casting: Necrotise (safe; 7% risk of failure)
Confirm with . or Enter, or press ? or * to list all spells.
Aiming: Kiss of Death (safe; 9% risk of failure)
Press: ? - help, Shift-Dir - straight line, f/p - bombardier beetle
Aim: a bombardier beetle (moderately wounded, 100% to hit)
The fragment of death hits the bombardier beetle.
The bombardier beetle is drained!
The bombardier beetle is severely wounded.
You feel drained. The liquid fire burns you!
Unknown command.
Unknown command.
You hit the bombardier beetle.
The bombardier beetle is almost dead.
The liquid fire burns you!
The bombardier beetle bites you but does no damage.
You hit the bombardier beetle.
You kill the bombardier beetle!
The liquid fire burns you!
* * * LOW HITPOINT WARNING * * *
You have reached level 5!
You shake off some of the fire as you move.
The liquid fire burns you!
* * * LOW HITPOINT WARNING * * *
You shake off some of the fire as you move.
The liquid fire burns you!
* * * LOW HITPOINT WARNING * * *
It was a potion of might.
You feel very mighty all of a sudden. The liquid fire burns you!
You die...

##........## #..........#
#..........# #..........#
####### #.........[#
#.....# #..........#
#.....# ##........##
#.....### #<..@......#
##.......####..........##
.#.....#....#............#
.####.#####....).......#.#
.## #.## ##.........>)# .
..# #..# ###.........#
..####.## ##......#...
.....#..### #..########
####......# #.##


There were no monsters in sight!

Vanquished Creatures
  A bombardier beetle (D:3)
  Jessica (D:3)
  3 adders
  A ribbon worm (D:2)
  2 orcs
  9 ball pythons
  3 bats
  4 endoplasms
  4 giant cockroaches
  4 goblins
  10 hobgoblins
  2 jackals (D:1)
  5 quokkas
  2 frilled lizards
  2 kobolds (D:2)
  5 rats
58 creatures vanquished.

Vanquished Creatures (collateral kills)
  A rat (D:3)
1 creature vanquished.

Grand Total: 59 creatures vanquished

Notes
Turn   | Place    | Note
-------+----------+-------------------------------------------
     0 | D:1      | Aldia the Mountain Dwarf Reaver began the quest for the
                  | Orb.
     0 | D:1      | Reached XP level 1. HP: 17/17 MP: 3/3
    73 | D:1      | Reached skill level 4 in Axes
    78 | D:1      | Reached XP level 2. HP: 25/25 MP: 4/4
   300 | D:1      | Reached skill level 1 in Necromancy
   525 | D:2      | Reached XP level 3. HP: 31/31 MP: 5/5
  1034 | D:2      | Found a faded altar of an unknown god.
  1076 | D:2      | Reached skill level 1 in Armour
  1354 | D:2      | Reached XP level 4. HP: 28/38 MP: 7/7
  1464 | D:3      | Noticed Jessica
  1476 | D:3      | Killed Jessica
  1489 | D:3      | Learned a level 1 spell: Necrotise
  1654 | D:3      | Reached XP level 5. HP: 12/43 MP: 5/8
  1656 | D:3      | Incinerated by a bombardier beetle

Illustrated notes

Levels and vault maps discovered:
D:1:      mushboom_english_gardens, layout_rooms
D:2:      layout_basic, nicolae_ecumenical_snake_handling
D:3:      layout_rooms, serial_shops, nicolae_shop_gibbet_a_chance,
          kennysheep_jessica_study

Skill      XL: |  1  2  3  4 |
---------------+-------------+-----
Axes           | 4 |  4.0
Fighting       | 3 |  3.8
Necromancy     | 1 2 3 |  3.6
Spellcasting   | 2 |  2.0
Armour         | 1 |  1.0
Dodging        | |  1.3
Conjurations   | |  2.6

Action                     |  1- 3 |  4- 6 || total
---------------------------+-------+-------++-------
  Melee: Hand axe          |   151 |    38 ||   189
   Cast: Necrotise         |       |     4 ||     4
         Kiss of Death     |       |     1 ||     1
    Use: Potion            |       |     1 ||     1
 Armour: Leather armour    |    25 |       ||    25
         Ring mail         |   107 |    25 ||   132
  Dodge: Dodged            |    84 |    10 ||    94

Table legend: (Time is in decaauts)
 A = Elapsed time spent in this place.
 B = Non-inter-level travel time spent in this place.
 C = Inter-level travel time spent in this place.
 D = Time resting spent in this place.
 E = Time spent auto-exploring this place.
 F = Levels seen in this place.
 G = Mean time per level.
                   A        B        C        D        E       F      G
               +--------+--------+--------+--------+--------+-----+--------+
         Total |   1675 |   1632 |     43 |     56 |   1165 |   3 |  558.3 |
       Dungeon |   1675 |   1632 |     43 |     56 |   1165 |   3 |  558.3 |
               +--------+--------+--------+--------+--------+-----+--------+

Top non-repeatable levels by time:
     D:2: 929 daAuts
     D:1: 496 daAuts
     D:3: 249 daAuts
